 Dungeon Crawl Stone Soup version 0.28.0-53-g5a82cb258f (webtiles) character file.

Game seed: 2311727090148609404

29 Zeld the Skirmisher (level 3, 0/33 HPs)
             Began as a Minotaur Berserker on May 22, 2022.
             Was a Believer of Trog.
             Succumbed to an adder's poison
             ... on level 2 of the Dungeon.
             The game lasted 00:00:43 (1076 turns).

Zeld the Skirmisher (Minotaur Berserker)            Turns: 1076, Time: 00:00:43

Health: 0/33       AC:  2    Str: 23    XL:     3   Next: 1%
Magic:  2/2        EV: 12    Int:  4    God:    Trog [**....]
Gold:   22         SH:  0    Dex:  9    Spells: 2/2 levels left

rFire   . . .      SeeInvis .   a - +0 hand axe
rCold   . . .      Faith    .   (no shield)
rNeg    . . .      Spirit   .   b - +0 animal skin
rPois   .          Reflect  .   (helmet restricted)
rElec   .          Harm     .   (no cloak)
rCorr   .          Rampage  .   (no gloves)
Will    ++...                   (no boots)
Stlth   +.........              (no amulet)
HPRegen 1.11/turn               (no ring)
MPRegen 0.08/turn               (no ring)

@: lethally poisoned (0 -> -3), strong-willed, regenerating
A: horns 2, retaliatory headbutt
a: Renounce Religion, Berserk, Trog's Hand


You were on level 2 of the Dungeon.
You worshipped Trog.
Trog was pleased with you.
You visited 1 branch of the dungeon, and saw 2 of its levels.

You collected 22 gold pieces.

Inventory:

Hand Weapons
 a - a +0 hand axe (weapon)
Armour
 b - a +0 animal skin (worn)
Scrolls
 d - a scroll of identify {unknown}
Potions
 c - a potion of curing {unknown}


   Skills:
 * Level 4.1 Fighting
 * Level 4.1 Axes
 + Level 2.8 Armour
 + Level 2.6 Dodging


You had 2 spell levels left.
You didn't know any spells.
Your spell library was empty.

Dungeon Overview and Level Annotations

Branches:
Dungeon (1/15)

Altars:

Annotations:
D:2 Sigmund


Innate Abilities, Weirdness & Mutations

You have a pair of horns on your head.
You reflexively headbutt those who attack you in melee.


Message History

Sigmund casts a spell at you. The puff of flame hits you!
The adder closely misses you.
You bump into the rock wall.
Sigmund says, "Don't worry, I'll kill you fast."
Sigmund points at you and mumbles some strange words.
You are more confused.
The adder bites you.
Unknown command.
The adder barely misses you.
You're too confused to move!
The adder closely misses you.
Sigmund says, "Your kind have come here before.
I understand now why.
You desire death..."
Sigmund gestures wildly while chanting.
Sigmund flickers and vanishes!
Deactivating autopickup; reactivate with Ctrl-A.
The adder bites you.
You bump into the rock wall.
The adder bites you.
You're too confused to move!
You feel less confused. The adder bites you but does no damage.
Something hits you. The adder closely misses you.
The adder bites you but does no damage. The adder misses you.
The adder closely misses you. Something hits you!
* * * LOW HITPOINT WARNING * * *
The adder bites you.
* * * LOW HITPOINT WARNING * * *
You are lethally poisoned!
The adder poisons you!
There is a stone staircase leading down, spattered with blood here.
Your skin crawls.
You feel strong-willed.
You feel sick. The adder bites you.
* * * LOW HITPOINT WARNING * * *
You are lethally poisoned!
The adder poisons you! Something hits you but does no damage.
Unknown command.
Okay, then.
You barely miss the adder.
You die...

.............####.#
...............#..#
.................##
........####...###
................#
................#
...#....{.....#
...##...S......#
#.....@......#
#.#..........# #
#..........#
#............
#######......
...### .###


You could see an adder.

Vanquished Creatures
  A giant cockroach (D:1)
  6 goblins
  2 hobgoblins (D:1)
  4 ball pythons (D:1)
  5 bats (D:1)
  3 frilled lizards (D:1)
  2 kobolds (D:1)
  5 rats
28 creatures vanquished.

Notes
Turn   | Place    | Note
-------+----------+-------------------------------------------
     0 | D:1      | Zeld the Minotaur Berserker began the quest for the Orb.
     0 | D:1      | Reached XP level 1. HP: 19/19 MP: 0/0
   248 | D:1      | Reached XP level 2. HP: 22/27 MP: 1/1
   910 | D:1      | Reached ** piety under Trog
  1035 | D:1      | You fall into a shaft and drop 1 floor!
  1039 | D:2      | Reached XP level 3. HP: 32/33 MP: 2/2
  1055 | D:2      | Noticed Sigmund
  1076 | D:2      | Succumbed to an adder's poison

Illustrated notes

Levels and vault maps discovered:
D:1:      psy_arrival_radial02, layout_loops_cross
D:2:      layout_rooms, hellmonk_ecumenical_altar_heavens_door, basic_altar,
          kennysheep_cross_bottleneck, nicolae_figureground_pulse, uniq_sigmund,
          uniq_jessica, uniq_crazy_yiuf_cottage

Skill      XL: |  1  2 |
---------------+-------+-----
Axes           | 4 |  4.1
Fighting       | 4 |  4.1
Armour         | |  2.8
Dodging        | |  2.6

Action                   || total
-------------------------++-------
Melee: Hand axe          ||    52
       Headbutt          ||     3
Invok: Trog's Hand       ||     1
 Stab: Sleeping          ||     1
Armor: Animal skin       ||    18
Dodge: Dodged            ||    39
